 Dungeon Crawl Stone Soup version 0.26-a0-631-ged93497179 (webtiles) character file.

Game seed: 7977598247420608968

3899 Bikalo the Slinger (level 10, 18/69 HPs)
             Began as a Halfling Hunter on Sept 13, 2020.
             Was a Believer of Okawaru.
             Quit the game on level 6 of the Dungeon on Oct 8, 2020.
             The game lasted 00:20:51 (12933 turns).

Bikalo the Slinger (Halfling Hunter)               Turns: 12933, Time: 00:20:52

Health: 18/69      AC: 10    Str: 19    XL:     10   Next: 43%
Magic:  10/10      EV: 18    Int:  9    God:    Okawaru [**....]
Gold:   280        SH:  0    Dex: 19    Spells: 9/9 levels left

rFire    . . .     SeeInvis .   b - +2 dagger (elec)
rCold    + . .     Faith    +   (shield restricted)
rNeg     . . .     Spirit   .   e - +0 scale mail
rPois    .         Reflect  .   (no helmet)
rElec    .         Harm     .   m - +2 cloak
rCorr    .         Rampage  .   (no gloves)
MR       .....                  g - +0 pair of boots
Stlth    +.........             o - amulet of faith
HPRegen  0.21/turn              f - ring of protection from cold
MPRegen  0.12/turn              z - +6 ring of strength

@: studying Axes
A: small, mutation resistance 1
a: Heroism, Renounce Religion


You were on level 6 of the Dungeon.
You worshipped Okawaru.
Okawaru was pleased with you.
You visited 2 branches of the dungeon, and saw 9 of its levels.

You collected 280 gold pieces.

Inventory:

Hand Weapons
 a - a +1 hunting sling
 b - a +2 dagger of electrocution (weapon)
 x - the +4 long sword of the Final Chapter {holy, rF+ Str+2 Int-5}
   (You found it on level 5 of the Dungeon)

   It has been blessed by the Shining One to cause great damage to the undead
   and demons.
   It affects your strength (+2).
   It affects your intelligence (-5).
   It protects you from fire.
Missiles
 d - 12 sling bullets
 h - 227 stones (quivered)
Armour
 e - a +0 scale mail (worn)
 g - a +0 pair of boots (worn)
 m - a +2 cloak (worn)
Jewellery
 f - a ring of protection from cold (left hand)
 o - an amulet of faith (around neck)
 r - an uncursed amulet of guardian spirit
 z - a +6 ring of strength (right hand)
 F - an uncursed ring of protection from cold
Wands
 E - a wand of enslavement (8)
Scrolls
 c - a scroll of teleportation
 i - a scroll of remove curse
 j - 2 scrolls of enchant armour
 p - 12 scrolls of identify
 t - a scroll of noise
Potions
 k - 4 potions of curing
 l - 3 potions of stabbing
 q - a potion of brilliance
 s - 2 potions of cancellation
Books
 y - a manual of Axes


   Skills:
 + Level 6.6 Fighting
 - Level 2.0 Short Blades
 * Level 14.5 Slings
 - Level 2.0 Armour
 + Level 8.0 Dodging
 - Level 1.1 Stealth


You had 9 spell levels left.
You didn't know any spells.
Your spell library contained the following spells:

 Spells                   Type           Power        Failure   Level
 Corona                   Hex            #......      77%         1
 Ensorcelled Hibernation  Hex/Ice        #.....       88%         2
 Confusing Touch          Hex            #.......     98%         3
 Dazzling Flash           Conj/Hex       #.....       98%         3
 Gell's Gravitas          Tloc           #.........   98%         3
 Tukima's Dance           Hex            #.......     98%         3
 Petrify                  Tmut/Erth      #.......     100%        4
 Metabolic Englaciation   Hex/Ice        #.........   100%        5
 Yara's Violent Unravell  Hex/Tmut       #.........   100%        5


Dungeon Overview and Level Annotations

Branches:
Dungeon (8/15)             Temple (1/1) D:6
   Lair: D:8-11

Altars:
Elyvilon
Fedhas
Gozag
Nemelex Xobeh
Okawaru
Qazlal
Ru
Sif Muna
Trog
Xom
Yredelemnul
Zin

Annotations:
D:6 1 runed translucent door
D:7 Harold


Innate Abilities, Weirdness & Mutations

You are small and have problems with some larger weapons.
You are somewhat resistant to further mutation.


Message History

There is a stone staircase leading up here.
You hit the death yak but do no damage.
Lightning courses through the death yak!
The death yak is lightly wounded.
The death yak gores you!!
The death yak gores you but does no damage.
The death yak snorts and paws the ground.
There is an open door here.
You see here 20 arrows.
The death yak gores you!!
* * * LOW HITPOINT WARNING * * *
Level annotation: 1 runed translucent door Welcome back, Bikalo the Halfling Hunter.
Okawaru says: Bring me glory in combat!
Press ? for a list of commands and other information.
Unknown command.
Unknown command.
Quiver which item? (- for none, * to show all) (? for menu, Esc to quit)
Okay, then.
Are you sure you want to abandon this character and quit the game? (Confirm with "yes".)

.#####.##.#...........#########.#
.#...#.##.#...........# ######.#
.#.#.#.##.#....###########....#.#
.#.#.#.##)#....#≈≈≈≈≈≈≈≈≈#....#.#
...#.#.##.###..+≈≈≈≈.≈≈≈≈'..###.#
.###.#.##.# ##.#≈≈≈≈≈≈≈≈≈#.#..#.#
.###.#.##.################....#.#
.................................
.###.#.##.#####.@Y..............#
.......##.# #.####...#..#.#####
####.####.# #.##........#.....#
#<)#.#....#####.##.####..##...###
##.#.#.#.........#.....(.........
..g#)#.#.##################.#####
.......#<#...O...................
....)..#)#.################.#####
.......#.#.#.....# #.#


You could see a death yak.

Vanquished Creatures
  Pikel (D:6)
  The ghost of paps the Chopper, a novice OpFi of Qazlal (D:6)
  A water moccasin (D:5)
  3 orc warriors
  2 ice beasts
  A sky beast (D:7)
  7 ogres
  4 centaurs
  A big kobold (D:6)
  4 bullfrogs
  2 scorpions
  3 howler monkeys (D:5)
  A quasit (D:4)
  Crazy Yiuf (D:6)
  A centaur skeleton (D:4)
  A gnoll shaman (D:6)
  An orc priest (D:4)
  A bullfrog skeleton (D:4)
  3 hounds
  2 jellies
  9 orc wizards
  3 worker ants
  A killer bee zombie (D:6)
  A hound zombie (D:5)
  20 gnolls
  6 adders
  A river rat (D:6)
  A shadow imp (D:2)
  An ufetubus (D:8)
  3 worms
  A dart slug (D:2)
  6 leopard geckos
  24 orcs
  3 giant cockroaches
  8 hobgoblins
  8 jackals
  A quokka (D:5)
  2 ball pythons
  14 bats
  8 frilled lizards
  A giant cockroach zombie (D:5)
  17 goblins
  A jackal zombie (D:5)
  14 kobolds
  2 leopard gecko skeletons (D:5)
  A quokka skeleton (D:6)
  4 rats
202 creatures vanquished.

Vanquished Creatures (others)
  15 plants (D:3)
15 creatures vanquished.

Grand Total: 217 creatures vanquished

Notes
Turn   | Place    | Note
-------+----------+-------------------------------------------
     0 | D:1      | Bikalo the Halfling Hunter began the quest for the Orb.
     0 | D:1      | Reached XP level 1. HP: 14/14 MP: 1/1
    77 | D:1      | Reached skill level 6 in Slings
    80 | D:1      | Reached XP level 2. HP: 19/19 MP: 2/2
   621 | D:1      | Reached XP level 3. HP: 23/24 MP: 3/3
   921 | D:2      | Reached skill level 1 in Armour
  1876 | D:2      | Reached XP level 4. HP: 29/29 MP: 4/4
  1924 | D:2      | Reached skill level 7 in Slings
  2068 | D:2      | Found a white marble altar of Elyvilon.
  2095 | D:2      | Reached XP level 5. HP: 35/35 MP: 5/5
  2783 | D:3      | Found a stormy altar of Qazlal.
  2896 | D:3      | Found a blossoming altar of Fedhas.
  3225 | D:3      | Reached XP level 6. HP: 31/41 MP: 3/6
  3244 | D:3      | Reached skill level 1 in Short Blades
  3823 | D:4      | Reached skill level 8 in Slings
  3856 | D:4      | Found a shimmering blue altar of Sif Muna.
  3867 | D:4      | Found an opulent altar of Gozag.
  3868 | D:4      | Found a sparkling altar of Nemelex Xobeh.
  3996 | D:4      | Reached XP level 7. HP: 25/46 MP: 4/7
  4781 | D:4      | Reached skill level 9 in Slings
  5085 | D:5      | Entered Level 5 of the Dungeon
  5202 | D:5      | Got a scorched long sword
  5203 | D:5      | Identified the +4 long sword of the Final Chapter {holy,
                  | rF+ Str+2 Int-5} (You found it on level 5 of the Dungeon)
  5286 | D:5      | Reached XP level 8. HP: 45/54 MP: 6/8
  5303 | D:5      | Reached skill level 10 in Slings
  5643 | D:5      | Reached skill level 5 in Dodging
  6013 | D:5      | Found a bloodstained altar of Trog.
  6119 | D:6      | Reached skill level 11 in Slings
  6485 | D:6      | Reached XP level 9. HP: 59/60 MP: 9/9
  6955 | D:6      | Reached skill level 5 in Fighting
  7037 | D:6      | Reached skill level 12 in Slings
  7287 | D:6      | Found a runed translucent door.
  7287 | D:6      | Noticed paps's ghost (novice OpFi)
  7357 | D:6      | Found a runed translucent door.
  7411 | D:6      | Noticed Pikel
  7439 | D:6      | Killed Pikel
  7568 | D:6      | Found a staircase to the Ecumenical Temple.
  7600 | Temple   | Entered the Ecumenical Temple
  7612 | Temple   | Became a worshipper of Warmaster Okawaru
  7830 | D:6      | Reached skill level 13 in Slings
  8258 | D:6      | Found a runed translucent door.
  8259 | D:6      | Noticed Crazy Yiuf
  8267 | D:6      | Killed Crazy Yiuf
  9080 | D:6      | Reached * piety under Okawaru
  9382 | D:7      | Reached XP level 10. HP: 57/68 MP: 10/10
  9456 | D:7      | Found a sacrificial altar of Ru.
 10463 | D:7      | Noticed Harold
 11076 | D:6      | Killed paps's ghost
 11076 | D:6      | Reached skill level 14 in Slings
 12328 | D:8      | Reached ** piety under Okawaru
 12489 | D:8      | Noticed a death yak
 12490 | D:8      | Noticed a death yak
 12492 | D:8      | Noticed a death yak
 12493 | D:8      | Noticed a death yak
 12933 | D:6      | Quit the game

Illustrated notes

Levels and vault maps discovered:
D:1:      arrival_zaba_pyramid, layout_basic, minmay_pentomino_q4
D:2:      layout_loops_ring, marbit_many_paths
D:3:      layout_rooms, lemuel_round_altar, serial_bayou, serial_bayou_lagoon_b,
          serial_bayou_pond_c, serial_bayou_lake_a, serial_bayou_pond_d,
          nicolae_qazlal_general_emergency
D:4:      layout_cave_pools, grunt_temple_overflow_open
D:5:      layout_loops_ring, lemuel_coloured_pillars_altar,
          minmay_misc_feat_diagonals, kennysheep_nondescript,
          hangedman_decor_points, minmay_manual_mares
D:6:      layout_basic, minmay_temple_entry_junction, ebering_ghost_sewer_f,
          uniq_crazy_yiuf_cottage, uniq_pikel
D:7:      layout_gridville, nicolae_ru_awakened_eye, enter_bailey_3, uniq_harold
D:8:      layout_loops_ring, gammafunk_temple_overflow_statue,
          dpeg_lair_monsters, uniq_prince_ribbit1
Temple:   nicolae_temple_god_jail

Skill      XL: |  1  2  3  4  5  6  7  8  9 10 |
---------------+-------------------------------+-----
Slings         | 6 7 8 9 11 13 14 | 14.5
Fighting       | 2 3 4 6 |  6.6
Armour         | 1 2 |  2.0
Dodging        | 3 4 5 7 8 |  8.0
Short Blades   | 2 |  2.0
Stealth        | |  1.1

Action                   |  1- 3 |  4- 6 |  7- 9 | 10-12 || total
-------------------------+-------+-------+-------+-------++-------
Melee: Short sword       |   103 |       |       |       ||   103
       Dagger            |       |   149 |   371 |   142 ||   662
 Fire: Hunting sling     |    32 |    68 |    49 |     6 ||   155
Throw: Stone             |       |       |       |     5 ||     5
  Use: Scroll            |       |       |       |    13 ||    13
       Potion            |       |       |       |     8 ||     8
Armor: Scale mail        |    70 |    69 |    86 |    31 ||   256
Dodge: Dodged            |    98 |   140 |   280 |    96 ||   614

Table legend: (Time is in decaauts)
 A = Elapsed time spent in this place.
 B = Non-inter-level travel time spent in this place.
 C = Inter-level travel time spent in this place.
 D = Time resting spent in this place.
 E = Time spent auto-exploring this place.
 F = Levels seen in this place.
 G = Mean time per level.
                   A        B        C        D        E       F      G
               +--------+--------+--------+--------+--------+-----+--------+
         Total |  12919 |  12393 |    526 |   5810 |   4602 |   9 | 1435.4 |
       Dungeon |  12886 |  12370 |    516 |   5810 |   4599 |   8 | 1610.8 |
        Temple |     32 |     22 |     10 |      0 |      3 |   1 |   32.0 |
               +--------+--------+--------+--------+--------+-----+--------+

Top non-repeatable levels by time:
     D:6: 4720 daAuts
     D:5: 1587 daAuts
     D:1: 1572 daAuts
     D:3: 1452 daAuts
     D:2: 1190 daAuts
     D:7: 1161 daAuts
     D:4: 981 daAuts
     D:8: 219 daAuts
  Temple: 32 daAuts
